3L
BUCKHEAD BOWTIES @ TOLEDO STINGERS
08/10/2028
 
TOP OF THE 1ST
Buckhead Bowties batting - Pitching for Toledo Stingers : RHP Jaime Venditti
Pitching: RHP Jaime Venditti
Batting: RHB Mesa Altuve 0-0: Ball
1-0: Ball
2-0: Called Strike
2-1: Ball
3-1: Base on Balls
Batting: RHB Al Thomas 0-0: Called Strike
Mesa Altuve steals 2nd base
0-1: Ball
1-1: Called Strike
1-2: Strikes out swinging
Batting: RHB Pat Ings 0-0: Called Strike
0-1: Ground out 5-3 (Groundball, 56S)
Mesa Altuve to third
Batting: RHB Raúl Ruíz 0-0: Swinging Strike
0-1: Fly out, F7 (Flyball, 7LMF)
Top of the 1st over - 0 run(s), 0 hit(s), 0 error(s), 1 left on base; Buckhead 0 - Toledo 0
BOTTOM OF THE 1ST
Toledo Stingers batting - Pitching for Buckhead Bowties : RHP Henry Yates
Pitching: RHP Henry Yates
Batting: RHB Francis Kelly 0-0: Called Strike
0-1: Ball
1-1: Ball
2-1: Ball
3-1: Base on Balls
Batting: RHB Alfredo Martínez 0-0: Ball
1-0: Ball
2-0: Foul Ball, location: 2F
2-1: Ball
3-1: Base on Balls
Francis Kelly to second
Batting: LHB Ismael Cabrera 0-0: Called Strike
0-1: Ball
1-1: Called Strike
1-2: Strikes out swinging
Batting: SHB Leonard O'Connor 0-0: Called Strike
0-1: Called Strike
0-2: Ball
1-2: Strikes out swinging
Batting: RHB Ken Little 0-0: Ball
1-0: Swinging Strike
1-1: Ball
2-1: Foul Ball, location: 2F
2-2: Foul Ball, location: 2F
2-2: Strikes out looking
Bottom of the 1st over - 0 run(s), 0 hit(s), 0 error(s), 2 left on base; Buckhead 0 - Toledo 0
TOP OF THE 2ND
Buckhead Bowties batting - Pitching for Toledo Stingers : RHP Jaime Venditti
Batting: LHB Gregg Young 0-0: Ball
1-0: Ball
2-0: Foul Ball, location: 2F
2-1: Foul Ball, location: 2F
2-2: Fly out, F6 (Line Drive, 6)
Batting: RHB Ricardo Cardenas 0-0: DOUBLE (Line Drive, 7D)
Batting: RHB Mike Burns 0-0: Ball
1-0: Called Strike
1-1: Foul Ball, location: 2F
1-2: Foul Ball, location: 2F
1-2: Foul Ball, location: 2F
1-2: Strikes out looking
Batting: RHB Juan Carlos Cruz 0-0: Foul Ball, location: 2F
0-1: Ball
1-1: Ball
2-1: Ball
3-1: Base on Balls
Batting: RHB Won-min Yi 0-0: DOUBLE (Line Drive, 5D)
Ricardo Cardenas scores
Juan Carlos Cruz to third
Batting: RHB Mesa Altuve 0-0: Ball
1-0: Called Strike
1-1: Ball
2-1: Foul Ball, location: 2F
2-2: Ball
3-2: Fly out, F8 (Flyball, 78XD)
Top of the 2nd over - 1 run(s), 2 hit(s), 0 error(s), 2 left on base; Buckhead 1 - Toledo 0
BOTTOM OF THE 2ND
Toledo Stingers batting - Pitching for Buckhead Bowties : RHP Henry Yates
Batting: RHB Meka Knight 0-0: Ball
1-0: Ball
2-0: Ball
3-0: Called Strike
3-1: Ground out 5-3 (Groundball, 56S)
Batting: RHB Isaac Downey 0-0: Ball
1-0: Called Strike
1-1: SINGLE (Groundball, 6MD)
Batting: RHB Juan Ramos 0-0: Called Strike
0-1: Ball
1-1: Called Strike
1-2: SINGLE (Line Drive, 6MD)
Isaac Downey to second
Batting: LHB Locke Lamora 0-0: Called Strike
0-1: Foul Ball, location: 2F
0-2: Ball
1-2: Ball
2-2: Strikes out swinging
Batting: RHB Francis Kelly 0-0: Swinging Strike
0-1: Ball
1-1: Ball
2-1: Called Strike
2-2: Foul Ball, location: 2F
2-2: Ball
3-2: Ground out 6-3 (Groundball, 6)
Bottom of the 2nd over - 0 run(s), 2 hit(s), 0 error(s), 2 left on base; Buckhead 1 - Toledo 0
TOP OF THE 3RD
Buckhead Bowties batting - Pitching for Toledo Stingers : RHP Jaime Venditti
Batting: RHB Al Thomas 0-0: Ball
1-0: Ball
2-0: Ball
3-0: Base on Balls
Batting: RHB Pat Ings 0-0: Ball
1-0: Called Strike
1-1: Foul Ball, location: 2F
1-2: Foul Ball, location: 2F
1-2: Foul Ball, location: 2F
1-2: Strikes out looking
Batting: RHB Raúl Ruíz 0-0: Ball
1-0: Foul Ball, location: 2F
1-1: Called Strike
1-2: Ball
2-2: Foul Ball, location: 2F
2-2: Ball
3-2: Base on Balls
Al Thomas to second
Batting: LHB Gregg Young 0-0: Swinging Strike
0-1: Ball
1-1: SINGLE (Groundball, 34D)
Al Thomas to third
Raúl Ruíz to second
Runner from 3rd tries for Home, SAFE, throw made at trailing runner, OUT at third!
Batting: RHB Ricardo Cardenas 0-0: Called Strike
0-1: Ball
1-1: Fielders Choice at 2nd, 5-4 (Groundball, 56)
Top of the 3rd over - 1 run(s), 1 hit(s), 0 error(s), 0 left on base; Buckhead 2 - Toledo 0
BOTTOM OF THE 3RD
Toledo Stingers batting - Pitching for Buckhead Bowties : RHP Henry Yates
Batting: RHB Alfredo Martínez 0-0: Ball
1-0: Called Strike
1-1: Bunt for hit - play at first, batter safe!
Batting: LHB Ismael Cabrera 0-0: Fly out, F8 (Flyball, 8RD)
Batting: SHB Leonard O'Connor 0-0: Ball
1-0: Fly out, F8 (Line Drive, 8LD)
Batting: RHB Ken Little 0-0: Called Strike
Alfredo Martínez is caught stealing 2nd base
Bottom of the 3rd over - 0 run(s), 1 hit(s), 0 error(s), 0 left on base; Buckhead 2 - Toledo 0
TOP OF THE 4TH
Buckhead Bowties batting - Pitching for Toledo Stingers : RHP Jaime Venditti
Batting: RHB Mike Burns 0-0: Called Strike
0-1: Called Strike
0-2: Ball
1-2: Ball
2-2: Ball
3-2: Base on Balls
Batting: RHB Juan Carlos Cruz 0-0: Ball
1-0: Foul Ball, location: 2F
1-1: Ball
2-1: SINGLE (Flyball, 8RS)
Mike Burns to second
Batting: RHB Won-min Yi 0-0: Ball
1-0: Ball
2-0: SINGLE (Flyball, 7S)
Mike Burns to third
Juan Carlos Cruz to second
Batting: RHB Mesa Altuve 0-0: Hit by Pitch
Mike Burns scores
Juan Carlos Cruz to third
Won-min Yi to second
Batting: RHB Al Thomas 0-0: SINGLE (Groundball, 6MD)
Juan Carlos Cruz scores
Won-min Yi to third
Mesa Altuve to second
Runner from 3rd tries for Home, throw and OUT!
Batting: RHB Pat Ings 0-0: Ball
1-0: Foul Ball, location: 2F
1-1: Grounds into double play, 6-4-3 (Groundball, 6)
Top of the 4th over - 2 run(s), 3 hit(s), 0 error(s), 1 left on base; Buckhead 4 - Toledo 0
BOTTOM OF THE 4TH
Toledo Stingers batting - Pitching for Buckhead Bowties : RHP Henry Yates
Batting: RHB Ken Little 0-0: SINGLE (Groundball, 3D)
Batting: RHB Meka Knight 0-0: Called Strike
0-1: Called Strike
0-2: Ball
1-2: Grounds into double play, 6-4-3 (Groundball, 6)
Batting: RHB Isaac Downey 0-0: Called Strike
0-1: Called Strike
0-2: Strikes out looking
Bottom of the 4th over - 0 run(s), 1 hit(s), 0 error(s), 0 left on base; Buckhead 4 - Toledo 0
TOP OF THE 5TH
Buckhead Bowties batting - Pitching for Toledo Stingers : RHP Jaime Venditti
Batting: RHB Raúl Ruíz 0-0: Ground out 5-3 (Groundball, 56)
Batting: LHB Gregg Young 0-0: Ball
1-0: Ball
2-0: Ball
3-0: Base on Balls
Batting: RHB Ricardo Cardenas 0-0: Ball
1-0: Grounds into double play, 5-4-3 (Groundball, 56)
Top of the 5th over - 0 run(s), 0 hit(s), 0 error(s), 0 left on base; Buckhead 4 - Toledo 0
BOTTOM OF THE 5TH
Toledo Stingers batting - Pitching for Buckhead Bowties : RHP Henry Yates
Batting: RHB Juan Ramos 0-0: Ball
1-0: Ball
2-0: Ball
3-0: Called Strike
3-1: Base on Balls
Batting: LHB Locke Lamora 0-0: Ball
1-0: Called Strike
1-1: Foul Ball, location: 2F
1-2: Ball
2-2: Strikes out looking
Batting: RHB Francis Kelly 0-0: Ball
1-0: Ball
2-0: Swinging Strike
2-1: Ball
3-1: Base on Balls
Juan Ramos to second
Batting: RHB Alfredo Martínez 0-0: Foul Ball, location: 2F
0-1: Called Strike
0-2: Ball
1-2: Foul Ball, location: 2F
1-2: Strikes out swinging
Batting: LHB Ismael Cabrera 0-0: Called Strike
0-1: Swinging Strike
0-2: DOUBLE (Line Drive, 9)
Juan Ramos scores
Francis Kelly to third
Batting: SHB Leonard O'Connor 0-0: Ball
1-0: Ball
2-0: Ball
3-0: Base on Balls
Pitching: RHP Pat Pérez
Batting: RHB Ken Little 0-0: Called Strike
0-1: Ground out 5-3 (Groundball, 56S)
Bottom of the 5th over - 1 run(s), 1 hit(s), 0 error(s), 3 left on base; Buckhead 4 - Toledo 1
TOP OF THE 6TH
Buckhead Bowties batting - Pitching for Toledo Stingers : RHP Jaime Venditti
Batting: RHB Mike Burns 0-0: Ball
1-0: Called Strike
1-1: Ball
2-1: Foul Ball, location: 2F
2-2: Ball
3-2: Base on Balls
Batting: RHB Juan Carlos Cruz 0-0: Ball
1-0: SINGLE (Groundball, 4MD)
Mike Burns to second
Pitching: LHP José Tovar
Batting: RHB Won-min Yi 0-0: Called Strike
0-1: Ball
1-1: Swinging Strike
1-2: Foul Ball, location: 2F
1-2: SINGLE (Groundball, 6MD)
Mike Burns to third
Juan Carlos Cruz to second
Batting: RHB Mesa Altuve 0-0: Grounds into fielders choice 3-2 (Groundball, 34S)
Juan Carlos Cruz to third
Won-min Yi to second
Batting: RHB Al Thomas 0-0: SINGLE (Line Drive, 4D)
Juan Carlos Cruz scores
Won-min Yi to third
Mesa Altuve to second
Batting: RHB Pat Ings 0-0: Foul Ball, location: 2F
0-1: Ball
1-1: Ball
2-1: SINGLE (Flyball, 8RS)
Won-min Yi scores
Mesa Altuve to third
Al Thomas to second
Runner from 3rd tries for Home, SAFE, no throw
Batting: RHB Raúl Ruíz 0-0: Grounds into double play, 6-4-3 (Groundball, 6)
Top of the 6th over - 3 run(s), 4 hit(s), 0 error(s), 1 left on base; Buckhead 7 - Toledo 1
BOTTOM OF THE 6TH
Toledo Stingers batting - Pitching for Buckhead Bowties : RHP Pat Pérez
Batting: RHB Meka Knight 0-0: Ball
1-0: Called Strike
1-1: Fly out, F7 (Flyball, 78S)
Batting: RHB Isaac Downey 0-0: Ball
1-0: Foul Ball, location: 2F
1-1: Ball
2-1: Foul Ball, location: 2F
2-2: Foul Ball, location: 2F
2-2: Ball
3-2: SINGLE (Line Drive, 6M)
Batting: RHB Juan Ramos 0-0: Ball
1-0: SINGLE (Groundball, 6MD)
Isaac Downey to second
Runner from 2nd tries for 3rd, SAFE, throw made to third
Juan Ramos to second
Batting: LHB Locke Lamora 0-0: Called Strike
0-1: Foul Ball, location: 2F
0-2: Strikes out looking
Batting: RHB Francis Kelly 0-0: Called Strike
0-1: Ball
1-1: Ball
2-1: Foul Ball, location: 2F
2-2: Foul Ball, location: 2F
2-2: Ball
3-2: Strikes out swinging
Bottom of the 6th over - 0 run(s), 2 hit(s), 0 error(s), 2 left on base; Buckhead 7 - Toledo 1
TOP OF THE 7TH
Buckhead Bowties batting - Pitching for Toledo Stingers : LHP José Tovar
Batting: LHB Gregg Young 0-0: Swinging Strike
0-1: Called Strike
0-2: Strikes out swinging
Batting: RHB Ricardo Cardenas 0-0: Called Strike
0-1: Ball
1-1: Ball
2-1: Fly out, F9 (Flyball, 9LMF)
Batting: RHB Mike Burns 0-0: Foul Ball, location: 2F
0-1: Foul Ball, location: 2F
0-2: Ground out 5-3 (Groundball, 5)
Top of the 7th over - 0 run(s), 0 hit(s), 0 error(s), 0 left on base; Buckhead 7 - Toledo 1
BOTTOM OF THE 7TH
Toledo Stingers batting - Pitching for Buckhead Bowties : RHP Pat Pérez
Batting: RHB Alfredo Martínez 0-0: Ball
1-0: Foul Ball, location: 2F
1-1: Ground out 1-3 (Groundball, 15S)
Batting: LHB Ismael Cabrera 0-0: Called Strike
0-1: Ball
1-1: Ball
2-1: Ground out 4-3 (Groundball, 4)
Batting: SHB Leonard O'Connor 0-0: Called Strike
0-1: Ball
1-1: SOLO HOME RUN (Flyball, 89XD), Distance : 430 ft
Batting: RHB Ken Little 0-0: Ball
1-0: Ball
2-0: Called Strike
2-1: Swinging Strike
2-2: SINGLE (Line Drive, 6M)
Batting: RHB Meka Knight 0-0: SINGLE (Flyball, 9S)
Ken Little to second
Runner from 2nd tries for 3rd, SAFE, throw made to third
Batting: RHB Isaac Downey 0-0: Swinging Strike
0-1: Foul Ball, location: 2F
0-2: Ball
1-2: Foul Ball, location: 2F
1-2: Ball
2-2: Strikes out swinging
Bottom of the 7th over - 1 run(s), 3 hit(s), 0 error(s), 2 left on base; Buckhead 7 - Toledo 2
TOP OF THE 8TH
Buckhead Bowties batting - Pitching for Toledo Stingers : LHP José Tovar
Batting: RHB Juan Carlos Cruz 0-0: Ball
1-0: Called Strike
1-1: Swinging Strike
1-2: Foul Ball, location: 2F
1-2: Strikes out looking
Batting: RHB Won-min Yi 0-0: Called Strike
0-1: Ball
1-1: Ground out 6-3 (Groundball, 56)
Batting: RHB Mesa Altuve 0-0: Ball
1-0: Called Strike
1-1: Foul Ball, location: 2F
1-2: Ball
2-2: Foul Ball, location: 2F
2-2: Ball
3-2: Foul Ball, location: 2F
3-2: Foul Ball, location: 2F
3-2: Ground out 6-3 (Groundball, 6)
Top of the 8th over - 0 run(s), 0 hit(s), 0 error(s), 0 left on base; Buckhead 7 - Toledo 2
BOTTOM OF THE 8TH
Toledo Stingers batting - Pitching for Buckhead Bowties : RHP Pat Pérez
Batting: RHB Juan Ramos 0-0: Ball
1-0: Ball
2-0: Ball
3-0: Base on Balls
Batting: LHB Locke Lamora 0-0: Fielders Choice at 2nd, 4-6 (Groundball, 4)
Batting: RHB Francis Kelly 0-0: Ball
1-0: Fielders Choice at 2nd, 4-6 (Groundball, 4)
Batting: RHB Alfredo Martínez 0-0: Called Strike
0-1: Swinging Strike
0-2: Strikes out swinging
Bottom of the 8th over - 0 run(s), 0 hit(s), 0 error(s), 1 left on base; Buckhead 7 - Toledo 2
TOP OF THE 9TH
Buckhead Bowties batting - Pitching for Toledo Stingers : LHP José Tovar
Pitching: RHP Joshua Barnes
Batting: RHB Al Thomas 0-0: SINGLE (Flyball, 7S)
Batting: RHB Pat Ings 0-0: Ball
1-0: Ball
2-0: Ball
3-0: Called Strike
3-1: Foul Ball, location: 2F
3-2: Fly out, F9 (Flyball, 89S)
Batting: RHB Raúl Ruíz 0-0: Called Strike
0-1: Swinging Strike
0-2: Ball
1-2: Ball
2-2: Ball
3-2: SINGLE (Flyball, 78M)
Al Thomas to second
Batting: LHB Gregg Young 0-0: Called Strike
0-1: Foul Ball, location: 2F
0-2: Foul Ball, location: 2F
0-2: Foul Ball, location: 2F
0-2: Grounds into double play, 4-6-3 (Groundball, 4)
Top of the 9th over - 0 run(s), 2 hit(s), 0 error(s), 1 left on base; Buckhead 7 - Toledo 2
BOTTOM OF THE 9TH
Toledo Stingers batting - Pitching for Buckhead Bowties : RHP Pat Pérez
Batting: LHB Ismael Cabrera 0-0: Ball
1-0: Called Strike
1-1: Fly out, F8 (Line Drive, 89M)
Batting: SHB Leonard O'Connor 0-0: Ball
1-0: Ball
2-0: Swinging Strike
2-1: Ball
3-1: Base on Balls
Batting: RHB Ken Little 0-0: Ball
1-0: Called Strike
1-1: Swinging Strike
1-2: Strikes out looking
Batting: RHB Meka Knight 0-0: Fielders Choice at 2nd, 6-4 (Groundball, 6)
Bottom of the 9th over - 0 run(s), 0 hit(s), 0 error(s), 0 left on base; Buckhead 7 - Toledo 2
Wednesday, August 23rd, 2017 - OOTP Baseball 17.12 Build 75